 Dungeon Crawl Stone Soup version 0.31.0-12-g77e489cdc1 (webtiles) character file.

Game seed: 1629027861395430501

335 lonewolfV2 the Trooper (level 6, -16/52 HPs)
             Began as a Formicid Fighter on Feb 13, 2024.
             Demolished by a two-headed ogre
             ... wielding a +0 giant spiked club
              (25 damage)
             ... on level 4 of the Dungeon.
             The game lasted 00:03:32 (3579 turns).

lonewolfV2 the Trooper (Formicid Fighter)           Turns: 3579, Time: 00:03:32

Health: -16/52     AC: 10    Str: 21    XL:     6   Next: 84%
Magic:  6/6        EV:  8    Int:  7    God:
Gold:   114        SH:  5    Dex: 15    Spells: 5/5 levels left

rFire   . . .        a - +1 war axe
rCold   . . .        c - +0 buckler
rNeg    . . .        h - +0 chain mail
rPois   .            (helmet unavailable)
rElec   .            (no cloak)
rCorr   .            (no gloves)
SInv    +            (no boots)
Will    .....        (no amulet) Stlth
                     (no ring)
HPRegen 0.28/turn    (no ring)
MPRegen 0.10/turn

%: no passive effects
@: no status effects
A: permanent stasis, dig shafts and tunnels, antennae 3, four strong arms
a: Dig, Shaft Self


You were on level 4 of the Dungeon.
You visited 1 branch of the dungeon, and saw 4 of its levels.

You collected 114 gold pieces.

Inventory:

Hand Weapons
 a - a +1 war axe (weapon)
Armour
 c - a +0 buckler (worn)
 h - a +0 chain mail (worn)
Wands
 m - a wand of paralysis (16)
Scrolls
 i - a scroll of enchant weapon
Potions
 b - a potion of curing
 d - a potion of might
 e - a potion of mutation
 f - 2 potions of heal wounds
 g - 2 potions of brilliance
 j - a potion of enlightenment
 k - a potion of cancellation {unknown}


   Skills:
 + Level 6.0 Fighting
 - Level 2.0 Axes
 + Level 6.0 Armour
 - Level 4.0 Shields


You had 5 spell levels left.
You didn't know any spells.
Your spell library contained the following spells:

 Spells                   Type           Power      Damage    Failure   Level
 Gell's Gravitas          Tloc           0%         N/A       100%        3
 Teleport Other           Tloc           0%         N/A       100%        3
 Manifold Assault         Tloc           0%         N/A       100%        4
 Dispersal                Tloc           0%         N/A       100%        6
 Disjunction              Tloc           0%         N/A       100%        8


Dungeon Overview and Level Annotations

Branches:
Dungeon (4/15)
 Temple: D:4-7

Altars:
Cheibriados
Okawaru

Shops:
D:1 !


Innate Abilities, Weirdness & Mutations

You cannot be hasted, slowed, berserked, paralysed or teleported.
You can dig through walls and to a lower floor.
You have a pair of large antennae on your head. (SInv)
Your four strong arms can wield two-handed weapons with a shield.


Message History

You kill the dart slug!
Your Armour skill increases to level 6!
You see here a dart slug corpse.
You see here a bombardier beetle corpse.
Aiming: Paralyse
Press: ? - help, Q - select action, (/) - cycle Shift-Dir - straight line, f - two-headed ogre
Aim: a two-headed ogre, wielding a +0 giant spiked club and a +0 giant club (chance to affect: 31%)
The two-headed ogre easily resists.
The orc barely misses you.
The giant cockroach bites you but does no damage.
You see here a bombardier beetle corpse.
You hit the orc.
The orc is moderately wounded.
You hit the giant cockroach.
You completely miss the two-headed ogre.
The giant cockroach bites you but does no damage.
The orc closely misses you. You block the two-headed ogre's attack.
The two-headed ogre hits you with a +0 giant club!!
You block the giant cockroach's attack. The orc hits you with a +0 short sword.
You feel much better.
The two-headed ogre hits you with a +0 giant spiked club.
The two-headed ogre hits you with a +0 giant club!
The giant cockroach bites you but does no damage.
The orc hits you but does no damage.
Aiming: Paralyse
Press: ? - help, Q - select action, (/) - cycle Shift-Dir - straight line, f/p - two-headed ogre
Aim: a two-headed ogre, wielding a +0 giant spiked club and a +0 giant club (chance to affect: 31%)
The two-headed ogre easily resists.
The giant cockroach closely misses you. You block the orc's attack.
The two-headed ogre closely misses you.
The two-headed ogre completely misses you.
You hit the two-headed ogre.
The two-headed ogre is lightly wounded.
You hit the orc. You hit the giant cockroach.
You kill the giant cockroach!
The hound bites you but does no damage. You block the orc's attack.
The two-headed ogre hits you with a +0 giant spiked club!!
* * * LOW HITPOINT WARNING * * *
The two-headed ogre hits you with a +0 giant club!!
You die...

##.....#
#..)...#
#.....##
##....##
##.....#
#......#
#.....##
#.....## ###
#...@..#
....##.Ooh.#
#........#
###..††..#
##....##
:.....#...#
...........#
...........#
...........#


You could see a two-headed ogre, a hound and an orc.

Vanquished Creatures
  2 scorpions (D:4)
  A bombardier beetle (D:4)
  An orc wizard (D:3)
  Robin (D:2)
  3 gnolls (D:2)
  5 adders (D:3)
  A dart slug (D:4)
  9 orcs (D:3)
  4 bats
  4 endoplasms
  2 giant cockroaches
  7 hobgoblins
  3 jackals (D:2)
  2 quokkas
  3 ball pythons
  4 frilled lizards
  9 goblins
  8 kobolds
  5 rats
74 creatures vanquished.

Notes
Turn   | Place    | Note
-------+----------+-------------------------------------------
     0 | D:1      | lonewolfV2 the Formicid Fighter began the quest for the
                  | Orb.
     0 | D:1      | Reached XP level 1. HP: 18/18 MP: 1/1
    69 | D:1      | Found Ataucyma's Distillery.
   162 | D:1      | Reached XP level 2. HP: 15/24 MP: 2/2
   833 | D:2      | Reached XP level 3. HP: 30/30 MP: 3/3
   895 | D:2      | Reached XP level 4. HP: 21/37 MP: 4/4
  1126 | D:2      | Noticed Robin
  1135 | D:2      | Killed Robin
  1169 | D:2      | Found a snail-covered altar of Cheibriados.
  1821 | D:3      | Reached XP level 5. HP: 43/43 MP: 5/5
  2314 | D:3      | Reached skill level 5 in Fighting
  2424 | D:3      | Reached skill level 5 in Armour
  2479 | D:3      | Found an iron altar of Okawaru.
  2772 | D:3      | Reached XP level 6. HP: 33/51 MP: 6/6
  3566 | D:4      | Noticed a two-headed ogre
  3579 | D:4      | Demolished by a two-headed ogre

Illustrated notes

Levels and vault maps discovered:
D:1:      nagdon_arrival_double_spiral, layout_basic, serial_shops,
          nicolae_shop_industrial_runoff, minmay_hexomino_c4
D:2:      layout_loops_corners, basic_altar, uniq_robin
D:3:      layout_loops_ring, general_overflow_altar, kennysheep_generic_room_3
D:4:      layout_gridville, minmay_manual_moon, uniq_menkaure

Skill      XL: |  1  2  3  4  5  6 |
---------------+-------------------+-----
Fighting       | 4 5 6 |  6.0
Armour         | 4 5 6 |  6.0
Axes           | |  2.0
Shields        | |  4.0

Action                     |  1- 3 |  4- 6 || total
---------------------------+-------+-------++-------
  Melee: War axe           |    63 |   128 ||   191
  Evoke: Wand              |       |     2 ||     2
    Use: Scroll            |     2 |     8 ||    10
         Potion            |       |     2 ||     2
 Armour: Scale mail        |    22 |       ||    22
         Chain mail        |    26 |   135 ||   161
  Dodge: Dodged            |    28 |    60 ||    88
  Block: Buckler           |    20 |    29 ||    49
